AoeStats
← 我想做个好人

Arena

509324141Analyzed
1v1 RM · 7d ago on Sep 26, 2026· 32m 53s· 2 players
Game mode
Random Map
Map size
Tiny (2 player)
Population
200
Speed
Normal
Resources
Standard
Victory
Conquest
Starting age
Dark Age
Ending age
Imperial Age
RankedLock teamsTeams togetherTeam positionsShared explorationLock speedFull tech treeHidden civsTurbo modeCheats
Victory
Defeat
🇳🇱 Franks · Netherlands
685
+14
🇨🇳 Celts · China
652
-14
我想做个好人
10:39 Feudal Age
11:30 Double-Bit Axe
12:03 Horse Collar
18:39 Castle Age
17:06 Gold Mining
20:23 Bow Saw
20:21 Heavy Plow
21:10 Gold Shaft Mining
23:11 Forging
25:47 Scale Mail Armor
25:47 Loom
30:52 Iron Casting
29:43 Pikeman
Agnessor
10:46 Feudal Age
11:33 Double-Bit Axe
18:07 Castle Age
17:15 Forging
18:52 Loom
21:21 Scale Barding Armor
21:45 Husbandry
23:04 Wheelbarrow
26:45 Scale Mail Armor
28:53 Murder Holes
30:09 Iron Casting
31:14 Bow Saw
33:52 Imperial Age
32:24 Ordonnance Companies
Connection lost

Rejoining the realm…

Still unreachable

The connection could not be restored.

Session expired

The server has moved on; the page needs a fresh start.